 Dungeon Crawl Stone Soup version 0.29.1-14-g9c671dbff4 (webtiles) character file.

Game seed: 17103005982344235655

114 octoduck the Magician (level 5, -1/35 HPs)
             Began as a Djinni Fire Elementalist on Feb 18, 2023.
             Slain by a scorpion (2 damage)
             ... on level 4 of the Dungeon.
             The game lasted 00:09:40 (4061 turns).

octoduck the Magician (Djinni Fire Elementalist)    Turns: 4061, Time: 00:09:41

Health: -1/35      AC:  5    Str:  7    XL:     5   Next: 19%
Gold:   188        EV: 12    Int: 18    God:
                   SH:  0    Dex: 14

rFire   + + +      SeeInvis +   i - +1 short sword (vorpal)
rCold   x . .      Faith    .   (no shield)
rNeg    . . .      Spirit   .   a - +0 robe
rPois   ∞          Reflect  .   (no helmet)
rElec   .          Harm     .   s - +0 cloak
rCorr   .          Rampage  .   e - +1 pair of gloves
Will    .....                   (boots unavailable)
Stlth   ++........              (no amulet)
HPRegen 0.11/turn               c - ring of see invisible
MPRegen 0.00/turn               n - ring of protection from fire

@: flying
A: sickness immunity, fire resistance 2, cold vulnerability 1, float, innate
caster, HP casting, extra vitality 1
a: no special abilities


You were on level 4 of the Dungeon.
You visited 1 branch of the dungeon, and saw 4 of its levels.

You collected 188 gold pieces.

Inventory:

Hand Weapons
 b - a +0 falchion
 i - a +1 vorpal short sword (weapon)
Missiles
 r - 6 poisoned darts
 t - 4 atropa-tipped darts
Armour
 a - a +0 robe (worn)
 e - a +1 pair of gloves (worn)
 f - a +0 chain mail
 l - a scarf of invisibility
 s - a +0 cloak (worn)
Magical Staves
 m - a staff of conjuration
Jewellery
 c - a ring of see invisible (left hand)
 n - a ring of protection from fire (right hand)
Scrolls
 j - 2 scrolls of fear
 p - 3 scrolls of enchant armour
 q - a scroll of noise {unknown}
 u - a scroll of teleportation {unknown}
Potions
 d - 2 potions of curing
 g - 2 potions of heal wounds
 h - a potion of ambrosia
 k - 2 potions of brilliance
 o - a potion of magic {unknown}


   Skills:
 - Level 2.1 Dodging
 - Level 1.5 Stealth
 * Level 4.2 Spellcasting


You couldn't memorise any spells.
You knew the following spells:

 Your Spells              Type           Power      Damage    Failure   Level
a - Foxfire               Conj/Fire      76%        2x1d7     2%          1
b - Scorch                Fire           38%        2d6       3%          2
c - Conjure Flame         Conj/Fire      19%        6-21      8%          3
d - Inner Flame           Hex/Fire       19%        N/A       8%          3
e - Flame Wave            Conj/Fire      19%        2d7       24%         4
f - Sting                 Tmut/Pois      76%        1d6       2%          1
g - Poisonous Vapours     Pois/Air       38%        N/A       3%          2
Your spell library was empty.

Dungeon Overview and Level Annotations

Branches:
Dungeon (4/15)
 Temple: D:4-7

Altars:

Shops:
D:2 [

Annotations:
D:3 3 runed translucent doors, roguespy's ghost, amateur GnHu


Innate Abilities, Weirdness & Mutations

You are immune to sickness and miasma.
You are immune to poison.
Your flesh is very heat resistant. (rF++)
You are vulnerable to cold. (rC-)
You float through the air rather than walking.
You learn spells naturally, not from books.
Your magical power is your life essence.
You have superior vitality. (+4 MHP)


Message History

The foxfire hits the endoplasm.
You kill the endoplasm!
Casting: Foxfire (safe; 2% risk of failure)
Confirm with . or Enter, or press ? or * to list all spells.
The fire begins to smoulder!
The scorpion smothers the flame.
Casting: Conjure Flame (dangerous; 8% risk of failure)
Confirm with . or Enter, or press ? or * to list all spells.
Flames lash the scorpion.
The scorpion is heavily wounded.
The scorpion's fire resistance burns away.
The scorpion stings you.
The scorpion stings you but does no damage.
The scorpion barely misses you.
Casting: Scorch (safe; 3% risk of failure)
Confirm with . or Enter, or press ? or * to list all spells.
You conjure some foxfire!
The scorpion stings you.
* * * LOW HITPOINT WARNING * * *
The foxfire hits the scorpion but does no damage.
The scorpion is moderately wounded.
The foxfire hits the scorpion but does no damage.
The scorpion is moderately wounded.
The scorpion barely misses you.
Casting: Foxfire (safe; 2% risk of failure)
Confirm with . or Enter, or press ? or * to list all spells.
Flames lash the scorpion.
The scorpion is burned terribly!
The scorpion is severely wounded.
* * * LOW HITPOINT WARNING * * *
The scorpion closely misses you. The scorpion stings you.
* * * LOW HITPOINT WARNING * * *
Casting: Scorch (safe; 3% risk of failure)
Confirm with . or Enter, or press ? or * to list all spells.
Flames lash the scorpion.
The scorpion is severely wounded.
* * * LOW HITPOINT WARNING * * *
The scorpion completely misses you. The scorpion stings you.
* * * LOW HITPOINT WARNING * * *
The scorpion stings you.
You die...

.....##.# #.#
#....###...###...
......#.# #.#
#..........[.....
)...#...#
#.###.....#.######...
......###
#.....†.....# #...
...#.## #.###.#....#
#.## ...#.##
#........### #####.#
.#....## #.##..#..#
#.....#
##.....######.##s##..#
#.#####
##..............@....#
#.#
##.....##.###.......##
#.# ###÷..###.#
####.#### #.# ..)..##
#.# #.# #.# ####.# #.#
#.# #.# # #.# #.# #.#
#.# # #.# #.# #.# #.#
####.# #.# #.# #.#
.....####.# #.#


You could see a scorpion (combustible).

Vanquished Creatures
  Robin (D:3)
  4 adders
  2 worms
  5 bats
  3 endoplasms
  3 giant cockroaches
  12 goblins
  5 hobgoblins
  3 jackals (D:1)
  2 quokkas (D:1)
  5 ball pythons
  4 frilled lizards
  4 kobolds
  7 rats
60 creatures vanquished.

Vanquished Creatures (others)
  130 foxfires
130 creatures vanquished.

Grand Total: 190 creatures vanquished

Notes
Turn   | Place    | Note
-------+----------+-------------------------------------------
     0 | D:1      | octoduck the Djinni Fire Elementalist began the quest for
                  | the Orb.
     0 | D:1      | octoduck set off with the following spells memorised:
                  | Foxfire, Scorch, Conjure Flame, Inner Flame, Flame Wave.
     0 | D:1      | Reached XP level 1. HP: 15/15 MP: 0/0
     4 | D:1      | Found a faded altar of an unknown god.
   621 | D:1      | Reached XP level 2. HP: 20/21 MP: 0/0
   894 | D:1      | Reached skill level 3 in Spellcasting
  1822 | D:1      | Reached XP level 3. HP: 25/25 MP: 0/0
  1822 | D:1      | Learned a level 1 spell: Sting
  1928 | D:2      | Found Oruzih's Armour Shop.
  2232 | D:2      | Reached XP level 4. HP: 27/31 MP: 0/0
  2861 | D:3      | Noticed roguespy's ghost (amateur GnHu)
  2871 | D:3      | Found a runed translucent gate.
  2871 | D:3      | Found a runed translucent gate.
  2874 | D:3      | Found a runed translucent gate.
  2889 | D:3      | Noticed Robin
  2904 | D:3      | Reached skill level 4 in Spellcasting
  2909 | D:3      | Killed Robin
  3239 | D:3      | Reached XP level 5. HP: 33/35 MP: 0/0
  3239 | D:3      | Learned a level 2 spell: Poisonous Vapours
  4060 | D:4      | HP: 1/35 [scorpion (1)]
  4061 | D:4      | Slain by a scorpion

Illustrated notes

Levels and vault maps discovered:
D:1:      sevenhm_arrival_forest_fort_small_6, layout_basic,
          ebering_ecumenical_altar_abandoned
D:2:      layout_rooms, serial_shops, nicolae_shop_statue_plus
D:3:      layout_rooms, serial_curves, eino_curves_01, eino_curves_02,
          gammafunk_ghost_split, uniq_robin
D:4:      layout_loops_ring, minmay_fractal_squares_5

Skill      XL: |  1  2  3  4 |
---------------+-------------+-----
Spellcasting   | 3 4 |  4.2
Dodging        | |  2.1
Stealth        | |  1.5

Action                   |  1- 3 |  4- 6 || total
-------------------------+-------+-------++-------
Melee: Short sword       |     1 |       ||     1
 Cast: Foxfire           |    48 |    29 ||    77
       Scorch            |       |     9 ||     9
       Conjure Flame     |       |     5 ||     5
       Inner Flame       |       |     1 ||     1
  Use: Scroll            |     4 |     8 ||    12
Armor: Robe              |     2 |     4 ||     6
Dodge: Dodged            |    15 |    11 ||    26
